 Dungeon Crawl Stone Soup version 0.22-a0-858-g985ef60 (webtiles) character file.

84 Amnesiac the Digger (level 4, -3/30 HPs)
             Began as a Mummy Earth Elementalist on July 27, 2018.
             Was an Initiate of Kikubaaqudgha.
             Killed by divine providence
             ... invoked by an orc priest
              (12 damage)
             ... on level 3 of the Dungeon.
             The game lasted 00:02:35 (1222 turns).

Amnesiac the Digger (Mummy Earth Elementalist)      Turns: 1222, Time: 00:02:35

Health: -3/30      AC:  2    Str: 11    XL:     4   Next: 24%
Magic:  0/9        EV: 12    Int: 15    God:    Kikubaaqudgha [......]
Gold:   73         SH:  0    Dex: 12    Spells: 4/10 levels left

rFire    x . .     SeeInvis .   f - +0 hunting sling
rCold    + . .     Gourm    .   (no shield)
rNeg     + + +     Faith    .   c - +0 robe
rPois    ∞         Spirit   .   (no helmet)
rElec    .         Reflect  .   (no cloak)
rCorr    .         Harm     .   (no gloves)
MR       .....                  (no boots)
Stlth    ++........             (no amulet)
HPRegen  0.10/turn              (no ring)
MPRegen  0.11/turn              (no ring)

@: no status effects
A: no food or potions, fire vulnerability, cold resistance 1, negative energy
resistance 3, torment resistance, unbreathing
a: Renounce Religion


You were on level 3 of the Dungeon.
You worshipped Kikubaaqudgha.
Kikubaaqudgha was noncommittal.
You were not hungry.

You visited 1 branch of the dungeon, and saw 3 of its levels.

You collected 73 gold pieces.

Inventory:

Hand Weapons
 a - a +0 short sword
 f - a +0 hunting sling (weapon)
Missiles
 b - 23 stones (quivered)
Armour
 c - a +0 robe (worn)
 e - a +0 shield
Jewellery
 h - an uncursed amulet of harm {unknown}
Scrolls
 d - 2 scrolls of remove curse {!r, unknown}
 g - a scroll of enchant weapon {!r, unknown}


   Skills:
 - Level 1.5 Dodging
 - Level 1.5 Stealth
 + Level 3.7 Spellcasting
 - Level 0.7 Transmutations
 * Level 3.8 Earth Magic


You had 4 spell levels left.
You knew the following spells:

 Your Spells              Type           Power        Failure   Level  Hunger
a - Sandblast             Erth           ##....       3%          1    N/A
b - Passwall              Tmut/Erth      #.......     11%         2    N/A
c - Stone Arrow           Conj/Erth      #.....       26%         3    N/A

Your spell library contained the following spells:

 Spells                   Type           Power        Failure   Level  Hunger
 Lee's Rapid Deconstruct  Erth           ##........   71%         5    N/A
 Petrify                  Tmut/Erth      #.......     58%         4    N/A

Dungeon Overview and Level Annotations

Branches:
Dungeon (3/15)

Altars:
Ashenzari
Kikubaaqudgha
Nemelex Xobeh
Uskayaw

Annotations:
D:2 Jessica, Sigmund


Innate Abilities, Weirdness & Mutations

You do not eat or drink.
Your flesh is vulnerable to fire.
You are immune to poison.
Your flesh is cold resistant. (rC+)
You are immune to negative energy. (rN+++)
You are immune to unholy pain and torment.
You can survive without breathing.


Message History

Casting: Sandblast (safe; 4% risk of failure)
Confirm with . or Enter, or press ? or * to list all spells.
Aiming: Sandblast (safe; 4% risk of failure)
Press: ? - help, Shift-Dir - straight line, f - goblin
Aim: a goblin, wielding a club The blast of sand hits the goblin.
You kill the goblin!
Kikubaaqudgha accepts your kill.
b - 28 stones A rat comes into view.
An adder comes into view.
Casting: Sandblast (safe; 4% risk of failure)
Confirm with . or Enter, or press ? or * to list all spells.
Aiming: Sandblast (safe; 4% risk of failure)
Press: ? - help, Shift-Dir - straight line, f - adder
Aim: an adder The blast of sand hits the adder.
The adder is almost dead.
b - 27 stones
Casting: Sandblast (safe; 4% risk of failure)
Confirm with . or Enter, or press ? or * to list all spells.
You don't have enough magic to cast that spell.
Firing (i - inventory)
b - 27 stones (quivered)
Press: ? - help, Shift-Dir - straight line, f/p - adder
Aim: an adder (almost dead)
You shoot a stone.
The stone hits the adder but does no damage.
The adder is almost dead.
Firing (i - inventory)
b - 26 stones (quivered)
Press: ? - help, Shift-Dir - straight line, f/p - adder
Aim: an adder (almost dead)
You shoot a stone. The stone misses the adder.
The adder bites you.
* * * LOW HITPOINT WARNING * * *
The adder bites you.
* * * LOW HITPOINT WARNING * * *
Firing (i - inventory)
b - 25 stones (quivered)
Press: ? - help, Shift-Dir - straight line, f/p - adder
Aim: an adder (almost dead)
You shoot a stone. The stone barely misses the adder.
The adder closely misses you.
A dart slug comes into view.
Casting: Sandblast (safe; 4% risk of failure)
Confirm with . or Enter, or press ? or * to list all spells.
Aiming: Sandblast (safe; 4% risk of failure)
Press: ? - help, Shift-Dir - straight line, f/p - adder
Aim: an adder (almost dead)
The blast of sand hits the adder.
You kill the adder!
Kikubaaqudgha accepts your kill.
b - 23 stones The ball python bites you but does no damage.
The ball python grabs you. The ball python constricts you.
Unknown command.
You escape the ball python's grasp.
Found 7 gold pieces.
An orc priest comes into view. It is wielding a trident.
The orc priest shouts!
You see here a stone.
The ball python bites you but does no damage.
The ball python grabs you. The ball python constricts you.
You escape the ball python's grasp.
The orc priest calls down the wrath of Beogh upon you.
Beogh smites you!
You die...
Kikubaaqudgha rasps: "You have failed me!
Welcome... oblivion!"

w..#.# ...... ......#
. .....#####.....# #
.. ........w....<#.
...#$...##...#....
................##.#
......#.##...#......
#...........).....(.
#.....#@##.†.#.....
........#.##(..# ...
#.........S.r..+ .
................#...
.....................
.##.#)..#........#....
..............(.#.....
##........###...o.....
................##..#.


You could see an orc priest and a ball python.

Vanquished Creatures
  A howler monkey (D:3)
  An adder (D:3)
  5 goblins
  13 hobgoblins
  A quokka (D:2)
  6 bats
  2 frilled lizards
  3 kobolds (D:1)
  2 rats (D:1)
34 creatures vanquished.

Notes
Turn   | Place    | Note
-------+----------+-------------------------------------------
     0 | D:1      | Amnesiac the Mummy Earth Elementalist began the quest for the Orb.
     0 | D:1      | Reached XP level 1. HP: 13/13 MP: 4/4
     9 | D:1      | You fall through a shaft!
    42 | D:2      | Found a shattered altar of Ashenzari.
    43 | D:2      | Found a sparkling altar of Nemelex Xobeh.
    43 | D:2      | Found a hide-covered altar of Uskayaw.
    44 | D:2      | Found an ancient bone altar of Kikubaaqudgha.
   109 | D:2      | Became a worshipper of Kikubaaqudgha
   137 | D:2      | Noticed Sigmund
   241 | D:1      | Reached XP level 2. HP: 19/19 MP: 2/5
   315 | D:1      | Learned a level 2 spell: Passwall
   830 | D:1      | Reached XP level 3. HP: 19/24 MP: 7/7
   835 | D:1      | Learned a level 3 spell: Stone Arrow
  1094 | D:2      | Noticed Jessica
  1210 | D:3      | Reached XP level 4. HP: 12/30 MP: 2/9
  1222 | D:3      | Killed from afar by an orc priest

Vault maps used:
D:1:      dpeg_arrival_arbitrary_b
D:2:      chequers_temple_overflow_statue_of_worship, first_ration,
          uniq_jessica, uniq_sigmund, uniq_terence

Skill      XL: |  1  2 |
---------------+-------+-----
Earth Magic    | 3 |  3.8
Spellcasting   | 3 |  3.7
Dodging        | |  1.5
Stealth        | |  1.5
Transmutations | |  0.7

Action                   |  1- 3 |  4- 6 || total
-------------------------+-------+-------++-------
Melee: Short sword       |    27 |       ||    27
       Unarmed           |     4 |       ||     4
 Fire: Hunting sling     |    32 |     3 ||    35
 Cast: Sandblast         |    32 |     4 ||    36
 Stab: Sleeping          |     1 |       ||     1
Armor: Robe              |    17 |     2 ||    19
Dodge: Dodged            |    34 |     1 ||    35

Table legend:
 A = Spawn XP
 B = Non-spawn XP
 C = Spawn XP percentage of total XP
 D = Spawn monster count
 E = Non-spawn monster count
 F = Spawn count percentage of total count
 G = Total turns spent on level
                    A         B        C        D         E        F      G
               +---------+---------+-------+---------+---------+-------+---------
         Total |       0 |     121 |   0.0 |       0 |      34 |   0.0 |  1222
               +---------+---------+-------+---------+---------+-------+---------
           D:1 |       0 |      37 |   0.0 |       0 |      23 |   0.0 |   874
           D:2 |       0 |      11 |   0.0 |       0 |       7 |   0.0 |   247
           D:3 |       0 |      73 |   0.0 |       0 |       4 |   0.0 |   101
               +---------+---------+-------+---------+---------+-------+---------
